EL
FRISCO ROUGHRIDERS @ MONTGOMERY BISCUITS
07/20/2048
 
TOP OF THE 1ST
Jackson Generals batting - Pitching for Bowie Baysox : RHP Paul Pittman
Pitching: RHP Paul Pittman
Batting: RHB Francisco Onate 0-0: Ball
1-0: Called Strike
1-1: Ball
2-1: SINGLE (Line Drive, 6M, EV 96.3 MPH)
Batting: LHB Humberto Herrada 0-0: SINGLE (Groundball, 15S, EV 71.9 MPH) (infield hit)
Francisco Onate to second
Batting: SHB J.D. Shearer 0-0: Ball
1-0: Foul Ball, location: 2F
1-1: Ball
2-1: Fielders Choice at 2nd, 1-6 (Groundball, 13S, EV 68.8 MPH)
Francisco Onate to third
Batting: LHB Raita Inouye 0-0: Ball
1-0: Called Strike
1-1: Ball
2-1: Swinging Strike
2-2: Foul Ball, location: 2F
2-2: SINGLE (Groundball, 56, EV 100.0 MPH) (infield hit)
Francisco Onate scores
J.D. Shearer to second
Batting: RHB Juan Taveras 0-0: Ball
1-0: Ball
2-0: Fly out, F8 (Line Drive, 8LM, EV 100.0 MPH)
Batting: RHB Jesus Torres 0-0: Ball
1-0: Ball
Wild Pitch!
J.D. Shearer to third
Raita Inouye to second
2-0: Ground out 4-3 (Groundball, 4, EV 106.9 MPH)
Top of the 1st over - 1 run, 3 hits, 0 errors, 2 left on base; Jackson 1 - Bowie 0
BOTTOM OF THE 1ST
Bowie Baysox batting - Pitching for Jackson Generals : RHP Cesar Farnese
Pitching: RHP Cesar Farnese
Batting: RHB Francisco Hernandez 0-0: Ball
1-0: Ball
2-0: Called Strike
2-1: Ball
3-1: Ground out 5-3 (Groundball, 56, EV 93.8 MPH)
Batting: RHB Josh Whitmore 0-0: Foul Ball, location: 2F
0-1: Ball
1-1: Foul Ball, location: 2F
1-2: Ball
2-2: Ball
3-2: Strikes out swinging
Batting: RHB Casey Nelligan 0-0: Ball
1-0: SINGLE (Groundball, 4MD, EV 102.5 MPH)
Batting: RHB Dermott Neill 0-0: Ball
1-0: Called Strike
1-1: Fly out, F6 (Popup, 6D, EV 43.1 MPH)
Bottom of the 1st over - 0 runs, 1 hit, 0 errors, 1 left on base; Jackson 1 - Bowie 0
TOP OF THE 2ND
Jackson Generals batting - Pitching for Bowie Baysox : RHP Paul Pittman
Batting: RHB Ding-bong Wang 0-0: Fly out, F7 (Line Drive, 7D, EV 99.4 MPH)
Batting: RHB Jose Esquivel 0-0: Called Strike
0-1: Foul Ball, location: 2F
0-2: Ball
1-2: Foul Ball, location: 2F
1-2: TRIPLE (Groundball, 3L, EV 96.3 MPH)
Batting: RHB Sergio Fabian 0-0: Called Strike
0-1: Ball
1-1: Ground out 3-1 (Groundball, 34S, EV 79.4 MPH)
Jose Esquivel scores
Batting: RHB Francisco Onate 0-0: Foul Ball, location: 2F
0-1: Swinging Strike
0-2: Ball
1-2: Ball
2-2: Strikes out swinging
Top of the 2nd over - 1 run, 1 hit, 0 errors, 0 left on base; Jackson 2 - Bowie 0
BOTTOM OF THE 2ND
Bowie Baysox batting - Pitching for Jackson Generals : RHP Cesar Farnese
Batting: RHB Carlos Talavera 0-0: Ball
1-0: Swinging Strike
1-1: Called Strike
1-2: Ball
2-2: Ball
3-2: Base on Balls
Batting: RHB Tommy Hughes 0-0: Called Strike
0-1: Ball
1-1: Ball
2-1: Fly out, F8 (Line Drive, 8RM, EV 110.6 MPH)
Batting: RHB Katsutaka Inouye 0-0: Called Strike
0-1: Ball
1-1: Ball
2-1: TRIPLE (Flyball, 78XD, EV 103.1 MPH)
Carlos Talavera scores
Batting: RHB Haruyasu Kojima 0-0: Ball
1-0: Ball
2-0: Ball
3-0: Called Strike
3-1: Called Strike
3-2: Base on Balls
Batting: RHB Ryan White 0-0: Called Strike
0-1: Swinging Strike
0-2: Ball
1-2: SINGLE (Flyball, 6D, EV 90.0 MPH)
Katsutaka Inouye scores
Haruyasu Kojima to second
Haruyasu Kojima to third
Batting: RHB Francisco Hernandez 0-0: Fly out, F7 (Flyball, 7LD, EV 111.9 MPH)
Runner from 3rd tags up, SCORES, no throw by LF
Batting: RHB Josh Whitmore 0-0: Called Strike
0-1: Called Strike
0-2: Ball
1-2: Foul Ball, location: 2F
1-2: Ball
2-2: Foul Ball, location: 2F
2-2: Ball
3-2: SINGLE (Flyball, 4MD, EV 90.6 MPH)
Ryan White to second
Ryan White to third
Batting: RHB Casey Nelligan 0-0: Ball
1-0: Swinging Strike
1-1: Called Strike
1-2: 3-RUN HOME RUN (Line Drive, 8RXD, EV 101.3 MPH), Distance : 503 ft
Batting: RHB Dermott Neill 0-0: Called Strike
0-1: Swinging Strike
0-2: Ball
1-2: Strikes out looking
Bottom of the 2nd over - 6 runs, 4 hits, 0 errors, 0 left on base; Jackson 2 - Bowie 6
TOP OF THE 3RD
Jackson Generals batting - Pitching for Bowie Baysox : RHP Paul Pittman
Batting: LHB Humberto Herrada 0-0: Swinging Strike
0-1: Swinging Strike
0-2: Ball
1-2: Ball
2-2: DOUBLE (Groundball, 3L, EV 99.4 MPH)
Batting: SHB J.D. Shearer 0-0: Ground out 5-3 (Groundball, 15, EV 91.3 MPH)
Batting: LHB Raita Inouye 0-0: Ground out 4-3 (Groundball, 4, EV 86.9 MPH)
Humberto Herrada to third
Batting: RHB Juan Taveras 0-0: Ball
1-0: Foul Ball, location: 2F
1-1: Called Strike
1-2: Strikes out swinging
Top of the 3rd over - 0 runs, 1 hit, 0 errors, 1 left on base; Jackson 2 - Bowie 6
BOTTOM OF THE 3RD
Bowie Baysox batting - Pitching for Jackson Generals : RHP Cesar Farnese
Batting: RHB Carlos Talavera 0-0: Ball
1-0: Ball
2-0: Ground out 5-3 (Groundball, 56S, EV 70.6 MPH)
Batting: RHB Tommy Hughes 0-0: Foul Ball, location: 2F
0-1: Ball
1-1: Ball
2-1: Swinging Strike
2-2: Ball
3-2: Fly out, F8 (Flyball, 78S, EV 88.8 MPH)
Batting: RHB Katsutaka Inouye 0-0: Ground out 4-3 (Groundball, 4S, EV 78.8 MPH)
Bottom of the 3rd over - 0 runs, 0 hits, 0 errors, 0 left on base; Jackson 2 - Bowie 6
TOP OF THE 4TH
Jackson Generals batting - Pitching for Bowie Baysox : RHP Paul Pittman
Batting: RHB Jesus Torres 0-0: Swinging Strike
0-1: Foul Ball, location: 2F
0-2: Ball
1-2: Ball
2-2: Strikes out swinging
Batting: RHB Ding-bong Wang 0-0: Ground out 6-3 (Groundball, 6, EV 82.5 MPH)
Batting: RHB Jose Esquivel 0-0: Fly out, F8 (Flyball, 8LD, EV 102.5 MPH)
Top of the 4th over - 0 runs, 0 hits, 0 errors, 0 left on base; Jackson 2 - Bowie 6
BOTTOM OF THE 4TH
Bowie Baysox batting - Pitching for Jackson Generals : RHP Cesar Farnese
Batting: RHB Haruyasu Kojima 0-0: Foul Ball, location: 2F
0-1: Ball
1-1: Ball
2-1: Ground out 6-3 (Groundball, 56, EV 93.1 MPH)
Batting: RHB Ryan White 0-0: Ball
1-0: Ground out 6-3 (Groundball, 6D, EV 103.1 MPH)
Batting: RHB Francisco Hernandez 0-0: Called Strike
0-1: Ball
1-1: Foul Ball, location: 2F
1-2: Ball
2-2: Ball
3-2: SINGLE (Groundball, 6MD, EV 95.0 MPH)
Pitching: RHP Blake Hajek
Batting: RHB Josh Whitmore 0-0: Called Strike
0-1: Ball
1-1: Called Strike
1-2: Strikes out looking
Bottom of the 4th over - 0 runs, 1 hit, 0 errors, 1 left on base; Jackson 2 - Bowie 6
TOP OF THE 5TH
Jackson Generals batting - Pitching for Bowie Baysox : RHP Paul Pittman
Batting: RHB Sergio Fabian 0-0: Ground out 5-3 (Groundball, 56S, EV 68.8 MPH)
Batting: RHB Francisco Onate 0-0: Called Strike
0-1: Foul Ball, location: 2F
0-2: Ball
1-2: Foul Ball, location: 2F
1-2: SINGLE (Groundball, 34D, EV 96.9 MPH)
Batting: LHB Humberto Herrada 0-0: Called Strike
0-1: Foul Ball, location: 2F
0-2: Ball
1-2: Ball
2-2: Ground out 4-3 (Groundball, 4S, EV 70.6 MPH)
Francisco Onate to second
Batting: SHB J.D. Shearer 0-0: Ball
1-0: Ball
2-0: Ball
3-0: Called Strike
3-1: Called Strike
3-2: DOUBLE (Groundball, 5L, EV 111.9 MPH)
Francisco Onate scores
Batting: LHB Raita Inouye 0-0: Called Strike
0-1: Foul Ball, location: 2F
0-2: Ground out 4-3 (Groundball, 34, EV 85.0 MPH)
Top of the 5th over - 1 run, 2 hits, 0 errors, 1 left on base; Jackson 3 - Bowie 6
BOTTOM OF THE 5TH
Bowie Baysox batting - Pitching for Jackson Generals : RHP Blake Hajek
Batting: RHB Casey Nelligan 0-0: Called Strike
0-1: Ball
1-1: Ball
2-1: SINGLE (Groundball, 6D, EV 95.6 MPH)
Batting: RHB Dermott Neill 0-0: Called Strike
0-1: Ball
1-1: Ball
2-1: Fly out, F8 (Line Drive, 8LD, EV 91.9 MPH)
Batting: RHB Carlos Talavera 0-0: Called Strike
0-1: Ball
1-1: Ball
2-1: Foul Ball, location: 2F
2-2: Strikes out swinging
Batting: RHB Tommy Hughes 0-0: Ball
1-0: Ball
2-0: Swinging Strike
2-1: DOUBLE (Line Drive, 89M, EV 104.4 MPH)
Casey Nelligan to third
Batting: RHB Katsutaka Inouye 0-0: Called Strike
0-1: Ball
1-1: Swinging Strike
1-2: Ball
2-2: Strikes out swinging
Bottom of the 5th over - 0 runs, 2 hits, 0 errors, 2 left on base; Jackson 3 - Bowie 6
TOP OF THE 6TH
Jackson Generals batting - Pitching for Bowie Baysox : RHP Paul Pittman
Batting: RHB Juan Taveras 0-0: Called Strike
0-1: Ball
1-1: Fly out, F5 (Line Drive, 5, EV 68.8 MPH)
Batting: RHB Jesus Torres 0-0: Called Strike
0-1: Ball
1-1: Called Strike
1-2: Ball
2-2: Strikes out looking
Batting: RHB Ding-bong Wang 0-0: Ball
1-0: Fly out, F8 (Flyball, 78D, EV 95.0 MPH)
Top of the 6th over - 0 runs, 0 hits, 0 errors, 0 left on base; Jackson 3 - Bowie 6
BOTTOM OF THE 6TH
Bowie Baysox batting - Pitching for Jackson Generals : RHP Blake Hajek
Batting: RHB Haruyasu Kojima 0-0: Called Strike
0-1: Ball
1-1: Foul Ball, location: 2F
1-2: Foul Ball, location: 2F
1-2: Ground out 6-3 (Groundball, 56, EV 101.9 MPH)
Batting: RHB Ryan White 0-0: Called Strike
0-1: Foul Ball, location: 2F
0-2: Strikes out swinging
Batting: RHB Francisco Hernandez 0-0: Ball
1-0: Called Strike
1-1: Ball
2-1: Ball
3-1: Called Strike
3-2: Foul Ball, location: 2F
3-2: Fly out, F8 (Flyball, 8LXD, EV 82.5 MPH)
Bottom of the 6th over - 0 runs, 0 hits, 0 errors, 0 left on base; Jackson 3 - Bowie 6
TOP OF THE 7TH
Jackson Generals batting - Pitching for Bowie Baysox : RHP Paul Pittman
Batting: RHB Jose Esquivel 0-0: Called Strike
0-1: Ball
1-1: Foul Ball, location: 2F
1-2: Ball
2-2: Ball
3-2: Ground out 4-3 (Groundball, 4M, EV 106.9 MPH)
Batting: RHB Sergio Fabian 0-0: Ball
1-0: Ball
2-0: Fly out, F8 (Flyball, 8LD, EV 95.0 MPH)
Batting: RHB Francisco Onate 0-0: Called Strike
0-1: Foul Ball, location: 2F
0-2: Foul Ball, location: 2F
0-2: Strikes out swinging
Top of the 7th over - 0 runs, 0 hits, 0 errors, 0 left on base; Jackson 3 - Bowie 6
BOTTOM OF THE 7TH
Bowie Baysox batting - Pitching for Jackson Generals : RHP Blake Hajek
Pitching: RHP Jon Aquino
Batting: RHB Josh Whitmore 0-0: Ball
1-0: Ball
2-0: Ground out 6-3 (Groundball, 56D, EV 84.4 MPH)
Batting: RHB Casey Nelligan 0-0: Ball
1-0: Ball
2-0: Called Strike
2-1: Ball
3-1: Called Strike
3-2: Ground out 6-3 (Groundball, 6, EV 98.1 MPH)
Batting: RHB Dermott Neill 0-0: Ball
1-0: Called Strike
1-1: Ball
2-1: SINGLE (Line Drive, 78M, EV 109.4 MPH)
Batting: RHB Carlos Talavera 0-0: Ball
1-0: Fly out, F8 (Flyball, 8RXD, EV 105.6 MPH)
Bottom of the 7th over - 0 runs, 1 hit, 0 errors, 1 left on base; Jackson 3 - Bowie 6
TOP OF THE 8TH
Jackson Generals batting - Pitching for Bowie Baysox : RHP Paul Pittman
Pitching: LHP Danny Vasquez
Batting: LHB Humberto Herrada 0-0: Called Strike
0-1: Foul Ball, location: 2F
0-2: Foul Ball, location: 2F
0-2: Foul Ball, location: 2F
0-2: Ball
1-2: TRIPLE (Line Drive, 89XD, EV 101.3 MPH)
Batting: SHB J.D. Shearer 0-0: Swinging Strike
0-1: Foul Ball, location: 2F
0-2: Foul Ball, location: 2F
0-2: Strikes out swinging
Batting: LHB Raita Inouye 0-0: Ball
1-0: SINGLE (Groundball, 6MS, EV 70.6 MPH) (infield hit)
Humberto Herrada scores
Pitching: LHP Grant Sies
Batting: RHB Juan Taveras 0-0: Called Strike
0-1: Ball
1-1: Grounds into double play, 1-6-3 (Groundball, 13S, EV 68.8 MPH)
Top of the 8th over - 1 run, 2 hits, 0 errors, 0 left on base; Jackson 4 - Bowie 6
BOTTOM OF THE 8TH
Bowie Baysox batting - Pitching for Jackson Generals : RHP Jon Aquino
Pitching: RHP Jim McCarty
Batting: RHB Tommy Hughes 0-0: Foul Ball, location: 2F
0-1: Ball
1-1: Ground out 4-3 (Groundball, 4, EV 81.9 MPH)
Batting: RHB Katsutaka Inouye 0-0: Called Strike
0-1: Ground out 5-3 (Groundball, 56S, EV 80.0 MPH)
Batting: RHB Haruyasu Kojima 0-0: Foul Ball, location: 2F
0-1: Fly out, F4 (Flyball, 34D, EV 89.4 MPH)
Bottom of the 8th over - 0 runs, 0 hits, 0 errors, 0 left on base; Jackson 4 - Bowie 6
TOP OF THE 9TH
Jackson Generals batting - Pitching for Bowie Baysox : LHP Grant Sies
Pitching: LHP Francisco Gonzalez
Now at 3B: Alfredo Colon
Batting: RHB Jesus Torres 0-0: Called Strike
0-1: Ground out 4-3 (Groundball, 4, EV 98.1 MPH)
Batting: RHB Ding-bong Wang 0-0: Swinging Strike
0-1: Foul Ball, location: 2F
0-2: Ball
1-2: Foul Ball, location: 2F
1-2: Ball
2-2: Ball
3-2: Foul Ball, location: 2F
3-2: Foul Ball, location: 2F
3-2: Foul Ball, location: 2F
3-2: Base on Balls
Batting: RHB Jose Esquivel 0-0: Called Strike
0-1: Ball
1-1: Grounds into double play, 6-4-3 (Groundball, 6, EV 83.1 MPH)
Top of the 9th over - 0 runs, 0 hits, 0 errors, 0 left on base; Jackson 4 - Bowie 6
Tuesday, March 28th , 2023 - OOTP Baseball 23.10 Build 110